AoeStats
← xr0015

Arena

510220448Analyzed
4v4 RM · 2d ago on Sep 30, 2026· 51m 33s· 8 players
Game mode
Random Map
Map size
Large (8 player)
Population
200
Speed
Normal
Resources
Standard
Victory
Conquest
Starting age
Dark Age
Ending age
Imperial Age
RankedLock teamsTeams togetherTeam positionsShared explorationLock speedFull tech treeHidden civsTurbo modeCheats
Victory
Defeat
🇺🇸 Khmer · United States
1100
+11
🇺🇸 Celts · United States
1096
+11
🇨🇦 Vikings · Canada
1021
+14
🇨🇳 Danes · China
981
+15
🇧🇷 Bulgarians · Brazil
984
-13
🇧🇷 Persians · Brazil
980
-13
🇧🇷 Britons · Brazil
978
-13
🇦🇷 Romans · Argentina
959
-12
DerSchweizer
12:14 Feudal Age
13:02 Double-Bit Axe
15:47 Castle Age
15:11 Horse Collar
18:17 Bow Saw
20:37 Heavy Plow
21:48 Fervor
22:35 Scale Mail Armor
23:29 Forging
23:35 Chain Mail Armor
30:06 Squires
40:24 Iron Casting
41:24 Fletching
41:31 Arson
45:38 Imperial Age
43:35 Pikeman
46:46 Elite Varangian Guard
48:40 Plate Mail Armor
52:55 Blast Furnace
52:24 Conscription
Pigsnort
11:03 Feudal Age
9:18 Loom
15:41 Castle Age
13:42 Double-Bit Axe
15:11 Horse Collar
19:43 Gold Mining
27:34 Stone Mining
28:24 Wheelbarrow
28:28 Bow Saw
31:31 Ballistics
33:22 Hand Cart
39:16 Gold Shaft Mining
41:30 Imperial Age
40:55 Masonry
42:16 Siege Engineers
43:13 Chemistry
41:57 Onager
45:24 Siege Onager
Dirty Dan
11:32 Feudal Age
15:18 Castle Age
14:39 Double-Bit Axe
17:48 Horse Collar
18:28 Heavy Plow
18:41 Gold Mining
21:16 Loom
22:07 Wheelbarrow
21:44 Stone Mining
22:44 Bow Saw
24:03 Hand Cart
27:55 Imperial Age
26:32 Stone Shaft Mining
26:36 Gold Shaft Mining
27:46 Bloodlines
27:36 Husbandry
28:39 Ballistics
28:58 Conscription
28:54 Caravan
29:09 Scale Barding Armor
30:52 Chain Barding Armor
30:07 Elite Ballista Elephant
33:37 Siege Engineers
34:33 Chemistry
37:00 Double Crossbow
37:59 Plate Barding Armor
心焰
10:21 Feudal Age
11:23 Double-Bit Axe
14:13 Castle Age
13:02 Horse Collar
15:17 Heavy Plow
15:45 Bow Saw
18:43 Wheelbarrow
23:59 Hand Cart
24:48 Gold Mining
24:48 Stone Mining
25:01 Loom
26:57 Gold Shaft Mining
26:59 Stone Shaft Mining
29:11 Imperial Age
27:51 Scale Mail Armor
28:01 Forging
29:02 Chain Mail Armor
29:00 Loom
29:00 Town Watch
29:26 Gambesons
29:41 Squires
29:27 Arson
30:19 Iron Casting
29:16 Onager
29:32 Northmen's Fury
30:32 Conscription
29:38 Capped Ram
30:16 Elite Jomsviking
30:20 Hamask
31:32 Plate Mail Armor
31:07 Loom
31:08 Town Watch
32:24 Blast Furnace
32:12 Hoardings
31:15 Siege Ram
32:15 Fletching
37:23 Bodkin Arrow
37:29 Padded Archer Armor
37:34 Scale Barding Armor
37:24 Siege Onager
38:24 Siege Engineers
38:40 Ballistics
40:20 Chain Barding Armor
40:00 Bracer
40:16 Leather Archer Armor
49:01 Chemistry
51:06 Caravan
taylorzanin
10:21 Feudal Age
15:37 Castle Age
14:57 Horse Collar
15:06 Double-Bit Axe
21:29 Scale Mail Armor
22:26 Chain Mail Armor
23:11 Forging
24:07 Iron Casting
27:12 Loom
28:03 Wheelbarrow
28:43 Scale Barding Armor
30:25 Chain Barding Armor
31:28 Gold Mining
31:28 Stone Mining
33:03 Hand Cart
38:37 Imperial Age
36:47 Fletching
37:09 Padded Archer Armor
38:10 Thumb Ring
Pão Andante
11:05 Feudal Age
15:14 Castle Age
14:30 Double-Bit Axe
14:28 Horse Collar
14:42 Gold Mining
23:58 Fervor
28:58 Imperial Age
26:15 Loom
27:05 Wheelbarrow
26:45 Bow Saw
27:35 Gold Shaft Mining
26:50 Stone Mining
28:01 Scale Barding Armor
28:08 Forging
28:34 Husbandry
28:45 Bloodlines
29:59 Cavalier
31:25 Heavy Plow
31:44 Hand Cart
33:10 Chain Barding Armor
33:26 Iron Casting
34:19 Conscription
34:43 Savar
36:31 Citadels
36:49 Ballistics
37:30 Chemistry
36:20 Guard Tower
36:26 Murder Holes
36:42 Masonry
37:15 Fletching
37:25 Padded Archer Armor
38:18 Thumb Ring
37:34 Crossbowman
38:10 Bodkin Arrow
38:31 Leather Archer Armor
40:03 Ring Archer Armor
40:11 Plate Barding Armor
42:32 Blast Furnace
42:15 Light Cavalry
43:17 Hussar
Bauti
10:24 Loom
12:13 Feudal Age
13:41 Double-Bit Axe
14:18 Man-at-Arms
15:55 Scale Mail Armor
16:07 Forging
18:50 Castle Age
17:20 Horse Collar
17:35 Gold Mining
18:54 Long Swordsman
20:01 Chain Mail Armor
20:22 Squires
28:52 Wheelbarrow
30:17 Iron Casting
29:59 Heavy Plow
30:50 Bow Saw
36:49 Hand Cart
41:31 Imperial Age
38:47 Town Watch
38:48 Loom
41:02 Gold Shaft Mining
41:51 Stone Mining
45:02 Fletching
46:13 Blast Furnace
45:10 Onager
46:49 Comitatenses
46:50 Bodkin Arrow
47:18 Ballistics
46:59 Murder Holes
47:20 Fortified Wall
xr0015
10:50 Feudal Age
9:07 Loom
11:58 Horse Collar
12:18 Double-Bit Axe
20:14 Castle Age
18:51 Fletching
19:07 Stone Mining
19:09 Gold Mining
19:16 Stone Mining
20:22 Crossbowman
21:07 Padded Archer Armor
21:10 Scale Mail Armor
21:55 Bodkin Arrow
24:13 Padded Archer Armor
30:55 Ballistics
33:20 Imperial Age
32:23 Town Watch
33:14 Wheelbarrow
32:37 Pikeman
36:41 Elite Skirmisher
37:44 Bracer
37:42 Gambesons
37:41 Arbalester
39:46 Gold Shaft Mining
39:22 Padded Archer Armor
41:05 Capped Ram
42:09 Forging
41:22 Halberdier
43:33 Yeomen
Connection lost

Rejoining the realm…

Still unreachable

The connection could not be restored.

Session expired

The server has moved on; the page needs a fresh start.